| TOP OF THE 1ST |
|
Akron RubberDucks batting - Pitching for Midland RockHounds : LHP Adam Wood
|
|
Pitching: LHP Adam Wood
|
|
|
Batting: RHB Mitch Boyd
|
0-0: Swinging Strike 0-1: Ball 1-1: Ground out 6-3 (Groundball, 6, EV 80.0 MPH)
|
|
Batting: LHB Stu Sornson
|
0-0: Called Strike 0-1: Ball 1-1: Swinging Strike 1-2: Foul Ball, location: 2F 1-2: Ground out U3 (Groundball, 3S, EV 89.4 MPH)
|
|
Batting: RHB Tristan Wright
|
0-0: Called Strike 0-1: Swinging Strike 0-2: Ball 1-2: Ball 2-2: Ball 3-2: Strikes out swinging
|
| Top of the 1st over - 0 runs, 0 hits, 0 errors, 0 left on base; Akron 0 - Midland 0 |
| BOTTOM OF THE 1ST |
|
Midland RockHounds batting - Pitching for Akron RubberDucks : RHP Chris DeVall
|
|
Pitching: RHP Chris DeVall
|
|
|
Batting: RHB Larry Clark
|
0-0: Foul Ball, location: 2F 0-1: Foul Ball, location: 2F 0-2: Strikes out swinging
|
|
Batting: RHB Chris Prinzing
|
0-0: Ball 1-0: Called Strike 1-1: Swinging Strike 1-2: Ball 2-2: Foul Ball, location: 2F 2-2: Ball 3-2: Foul Ball, location: 2F 3-2: Strikes out swinging
|
|
Batting: RHB Sean Gould
|
0-0: Ball 1-0: Called Strike 1-1: Called Strike 1-2: Foul Ball, location: 2F 1-2: Ball 2-2: Ball 3-2: Foul Ball, location: 2F 3-2: Base on Balls
|
|
Batting: LHB Tom Raupp
|
0-0: Fielders Choice at 2nd, 5-4 (Groundball, 56, EV 102.5 MPH)
|
| Bottom of the 1st over - 0 runs, 0 hits, 0 errors, 1 left on base; Akron 0 - Midland 0 |
| TOP OF THE 2ND |
|
Akron RubberDucks batting - Pitching for Midland RockHounds : LHP Adam Wood
|
|
Batting: LHB Costodio Varino
|
0-0: Foul Ball, location: 2F 0-1: Ball 1-1: Ground out 3-1 (Groundball, 34, EV 89.4 MPH)
|
|
Batting: RHB Adam McMillen
|
0-0: Ball 1-0: Called Strike 1-1: Foul Ball, location: 2F 1-2: Ball 2-2: Strikes out looking
|
|
Batting: SHB Edwin Dominguez
|
0-0: Ball 1-0: Fly out, F8 (Flyball, 8RD, EV 103.8 MPH)
|
| Top of the 2nd over - 0 runs, 0 hits, 0 errors, 0 left on base; Akron 0 - Midland 0 |
| BOTTOM OF THE 2ND |
|
Midland RockHounds batting - Pitching for Akron RubberDucks : RHP Chris DeVall
|
|
Batting: RHB Matt Sherard
|
0-0: Called Strike 0-1: Swinging Strike 0-2: Strikes out looking
|
|
Batting: RHB Don Burt
|
0-0: Swinging Strike 0-1: Foul Ball, location: 2F 0-2: Ball 1-2: Ground out 4-3 (Groundball, 4, EV 80.6 MPH)
|
|
Batting: LHB Chance Stever
|
0-0: Ground out U3 (Groundball, 3S, EV 85.6 MPH)
|
| Bottom of the 2nd over - 0 runs, 0 hits, 0 errors, 0 left on base; Akron 0 - Midland 0 |
| TOP OF THE 3RD |
|
Akron RubberDucks batting - Pitching for Midland RockHounds : LHP Adam Wood
|
|
Batting: RHB Justin Lauderdale
|
0-0: Called Strike 0-1: Ground out 5-3 (Groundball, 5L, EV 89.4 MPH)
|
|
Batting: RHB Anibal Casteles
|
0-0: Called Strike 0-1: Ball 1-1: Ball 2-1: Called Strike 2-2: Strikes out looking
|
|
Batting: RHB Kenzo Shinoda
|
0-0: Ground out 6-3 (Groundball, 6, EV 96.9 MPH)
|
| Top of the 3rd over - 0 runs, 0 hits, 0 errors, 0 left on base; Akron 0 - Midland 0 |
| BOTTOM OF THE 3RD |
|
Midland RockHounds batting - Pitching for Akron RubberDucks : RHP Chris DeVall
|
|
Batting: LHB Alan Bianchard
|
0-0: Foul Ball, location: 2F 0-1: Swinging Strike 0-2: Ball 1-2: Strikes out swinging
|
|
Batting: LHB Jeremy Brammer
|
0-0: Called Strike 0-1: Ball 1-1: Foul Ball, location: 2F 1-2: Ball 2-2: Ball 3-2: Foul Ball, location: 2F 3-2: Base on Balls
|
|
Batting: RHB Larry Clark
|
0-0: Ball 1-0: Ball 2-0: Called Strike 2-1: Called Strike 2-2: Foul Ball, location: 2F 2-2: SINGLE (Groundball, 4MS, EV 68.8 MPH) (infield hit) Jeremy Brammer to second
|
|
Batting: RHB Chris Prinzing
|
0-0: Ball 1-0: Foul Ball, location: 2F 1-1: Called Strike 1-2: Fielders Choice at 2nd, 5-4 (Groundball, 56, EV 105.6 MPH) Jeremy Brammer to third
|
|
Batting: RHB Sean Gould
|
0-0: Ball 1-0: Ball 2-0: Called Strike 2-1: Ball 3-1: DOUBLE (Line Drive, 7LM, EV 108.1 MPH) Jeremy Brammer scores Chris Prinzing to third Runner from 3rd tries for Home, SAFE, throw by LF to trailing runner, SAFE at third!
|
|
Batting: LHB Tom Raupp
|
0-0: Fly out, F7 (Flyball, 7S, EV 89.4 MPH)
|
| Bottom of the 3rd over - 2 runs, 2 hits, 0 errors, 1 left on base; Akron 0 - Midland 2 |
| TOP OF THE 4TH |
|
Akron RubberDucks batting - Pitching for Midland RockHounds : LHP Adam Wood
|
|
Batting: RHB Mitch Boyd
|
0-0: Called Strike 0-1: Ground out 6-3 (Groundball, 6, EV 84.4 MPH)
|
|
Batting: LHB Stu Sornson
|
0-0: Called Strike 0-1: Called Strike 0-2: Strikes out looking
|
|
Batting: RHB Tristan Wright
|
0-0: Called Strike 0-1: Ground out 1-3 (Groundball, 13S, EV 65.0 MPH)
|
| Top of the 4th over - 0 runs, 0 hits, 0 errors, 0 left on base; Akron 0 - Midland 2 |
| BOTTOM OF THE 4TH |
|
Midland RockHounds batting - Pitching for Akron RubberDucks : RHP Chris DeVall
|
|
Batting: RHB Matt Sherard
|
0-0: Called Strike 0-1: SINGLE (Groundball, 56D, EV 108.1 MPH)
|
|
Batting: RHB Don Burt
|
0-0: Called Strike 0-1: Foul Ball, location: 2F 0-2: Ball Wild Pitch! Matt Sherard to second 1-2: Foul Ball, location: 2F 1-2: Ball 2-2: Foul Ball, location: 2F 2-2: Ball 3-2: Foul Ball, location: 2F 3-2: Strikes out swinging
|
|
Batting: LHB Chance Stever
|
0-0: Called Strike Matt Sherard steals 3rd base 0-1: Ball 1-1: Foul Ball, location: 2F 1-2: Foul Ball, location: 2F 1-2: Strikes out swinging
|
|
Batting: LHB Alan Bianchard
|
0-0: Ball 1-0: SINGLE (Groundball, 4MD, EV 110.0 MPH) Matt Sherard scores
|
|
Batting: LHB Jeremy Brammer
|
0-0: Ball 1-0: Called Strike 1-1: Fly out, F5 (Popup, 5SF, EV 89.4 MPH)
|
| Bottom of the 4th over - 1 run, 2 hits, 0 errors, 1 left on base; Akron 0 - Midland 3 |
| TOP OF THE 5TH |
|
Akron RubberDucks batting - Pitching for Midland RockHounds : LHP Adam Wood
|
|
Batting: LHB Costodio Varino
|
0-0: Ground out 4-3 (Groundball, 4, EV 100.6 MPH)
|
|
Batting: RHB Adam McMillen
|
0-0: Called Strike 0-1: Ground out U3 (Groundball, 3S, EV 80.0 MPH)
|
|
Batting: SHB Edwin Dominguez
|
0-0: Foul Ball, location: 2F 0-1: Ball 1-1: DOUBLE (Line Drive, 78D, EV 107.5 MPH)
|
|
Batting: RHB Justin Lauderdale
|
0-0: Called Strike 0-1: Ball 1-1: Ball 2-1: SINGLE (Groundball, 56S, EV 72.5 MPH) (infield hit) Edwin Dominguez to third
|
|
Batting: RHB Anibal Casteles
|
0-0: Ball 1-0: Fielders Choice at 2nd, 6-4 (Groundball, 6, EV 91.2 MPH)
|
| Top of the 5th over - 0 runs, 2 hits, 0 errors, 2 left on base; Akron 0 - Midland 3 |
| BOTTOM OF THE 5TH |
|
Midland RockHounds batting - Pitching for Akron RubberDucks : RHP Chris DeVall
|
|
Batting: RHB Larry Clark
|
0-0: DOUBLE (Groundball, 5L, EV 105.6 MPH)
|
|
Batting: RHB Chris Prinzing
|
0-0: Called Strike 0-1: Called Strike 0-2: Strikes out swinging
|
|
Batting: RHB Sean Gould
|
0-0: Swinging Strike 0-1: Fly out, F7 (Flyball, 7LS, EV 82.5 MPH)
|
|
Batting: LHB Tom Raupp
|
0-0: Ball 1-0: Called Strike 1-1: Called Strike 1-2: Strikes out looking
|
| Bottom of the 5th over - 0 runs, 1 hit, 0 errors, 1 left on base; Akron 0 - Midland 3 |
| TOP OF THE 6TH |
|
Akron RubberDucks batting - Pitching for Midland RockHounds : LHP Adam Wood
|
|
Batting: RHB Kenzo Shinoda
|
0-0: Called Strike 0-1: Ball 1-1: Foul Ball, location: 2F 1-2: Foul Ball, location: 2F 1-2: Foul Ball, location: 2F 1-2: Ball 2-2: Foul Ball, location: 2F 2-2: Ground out 4-3 (Groundball, 4M, EV 108.8 MPH)
|
|
Batting: RHB Mitch Boyd
|
0-0: Called Strike 0-1: Foul Ball, location: 2F 0-2: Ball 1-2: Ground out 5-3 (Groundball, 5S, EV 94.4 MPH)
|
|
Batting: LHB Stu Sornson
|
0-0: Ground out 6-3 (Groundball, 6, EV 102.5 MPH)
|
| Top of the 6th over - 0 runs, 0 hits, 0 errors, 0 left on base; Akron 0 - Midland 3 |
| BOTTOM OF THE 6TH |
|
Midland RockHounds batting - Pitching for Akron RubberDucks : RHP Chris DeVall
|
|
Batting: RHB Matt Sherard
|
0-0: Ball 1-0: Ground out 6-3 (Groundball, 56, EV 110.6 MPH)
|
|
Batting: RHB Don Burt
|
0-0: Called Strike 0-1: Ball 1-1: Swinging Strike 1-2: Fly out, F4 (Popup, 34S, EV 84.4 MPH)
|
|
Batting: LHB Chance Stever
|
0-0: Ball 1-0: Ground out 6-3 (Groundball, 6, EV 85.0 MPH)
|
| Bottom of the 6th over - 0 runs, 0 hits, 0 errors, 0 left on base; Akron 0 - Midland 3 |
| TOP OF THE 7TH |
|
Akron RubberDucks batting - Pitching for Midland RockHounds : LHP Adam Wood
|
|
Batting: RHB Tristan Wright
|
0-0: Hit by Pitch
|
|
Batting: LHB Costodio Varino
|
0-0: Called Strike 0-1: Ball 1-1: Swinging Strike 1-2: Foul Ball, location: 2F 1-2: Strikes out swinging
|
|
Batting: RHB Adam McMillen
|
0-0: Ball 1-0: Called Strike Tristan Wright is caught stealing 2nd base 2-4 1-1: Ball 2-1: Foul Ball, location: 2F 2-2: Strikes out swinging
|
| Top of the 7th over - 0 runs, 0 hits, 0 errors, 0 left on base; Akron 0 - Midland 3 |
| BOTTOM OF THE 7TH |
|
Midland RockHounds batting - Pitching for Akron RubberDucks : RHP Chris DeVall
|
|
Pitching: RHP Michael McMurry
|
|
|
Batting: LHB Alan Bianchard
|
0-0: Called Strike 0-1: Foul Ball, location: 2F 0-2: Strikes out looking
|
|
Batting: LHB Jeremy Brammer
|
0-0: Called Strike 0-1: Called Strike 0-2: Ball 1-2: Ball 2-2: Foul Ball, location: 2F 2-2: Ball 3-2: Foul Ball, location: 2F 3-2: Foul Ball, location: 2F 3-2: SOLO HOME RUN (Flyball, 9D, EV 97.5 MPH), Distance : 364 ft
|
|
Batting: RHB Larry Clark
|
0-0: Foul Ball, location: 2F 0-1: Ball 1-1: Ball 2-1: Foul Ball, location: 2F 2-2: Ball 3-2: Foul Ball, location: 2F 3-2: Strikes out swinging, 2-3 out at first.
|
|
Batting: RHB Chris Prinzing
|
0-0: Called Strike 0-1: Foul Ball, location: 2F 0-2: Ball 1-2: Ground out 6-3 (Groundball, 6, EV 86.9 MPH)
|
| Bottom of the 7th over - 1 run, 1 hit, 0 errors, 0 left on base; Akron 0 - Midland 4 |
| TOP OF THE 8TH |
|
Akron RubberDucks batting - Pitching for Midland RockHounds : LHP Adam Wood
|
|
Batting: SHB Edwin Dominguez
|
0-0: Ball 1-0: Foul Ball, location: 2F 1-1: DOUBLE (Line Drive, 7LM, EV 108.1 MPH)
|
|
Batting: RHB Justin Lauderdale
|
0-0: TRIPLE (Line Drive, 78XD, EV 98.1 MPH) Edwin Dominguez scores
|
|
Batting: RHB Anibal Casteles
|
0-0: Foul Ball, location: 2F 0-1: Called Strike 0-2: Fly out, F8 (Flyball, 89S, EV 91.9 MPH)
|
|
Batting: RHB Kenzo Shinoda
|
0-0: Ball 1-0: Called Strike 1-1: Fly out, F8 (Flyball, 89M, EV 80.0 MPH)
|
|
Batting: RHB Mitch Boyd
|
0-0: Ball 1-0: Fly out, F8 (Flyball, 89M, EV 84.4 MPH)
|
| Top of the 8th over - 1 run, 2 hits, 0 errors, 1 left on base; Akron 1 - Midland 4 |
| BOTTOM OF THE 8TH |
|
Midland RockHounds batting - Pitching for Akron RubberDucks : RHP Michael McMurry
|
|
Pitching: RHP Danny Bustos
|
|
|
Batting: RHB Sean Gould
|
0-0: Called Strike 0-1: Swinging Strike 0-2: Foul Ball, location: 2F 0-2: Strikes out swinging
|
|
Batting: LHB Tom Raupp
|
0-0: Ball 1-0: DOUBLE (Line Drive, 8LXD, EV 97.5 MPH)
|
|
Batting: RHB Matt Sherard
|
0-0: Ball 1-0: SINGLE (Line Drive, 6M, EV 96.2 MPH) Tom Raupp to third
|
|
Batting: RHB Don Burt
|
0-0: Foul Ball, location: 2F 0-1: Fly out, F8 (Flyball, 8LM, EV 93.1 MPH)
|
|
Batting: LHB Chance Stever
|
0-0: Called Strike 0-1: Foul Ball, location: 2F 0-2: 3-RUN HOME RUN (Flyball, 78XD, EV 98.8 MPH), Distance : 402 ft
|
|
Pitching: RHP Arturo Rojas
|
|
|
Batting: LHB Alan Bianchard
|
0-0: Swinging Strike 0-1: Ball 1-1: Foul Ball, location: 2F 1-2: Ball 2-2: Strikes out swinging
|
| Bottom of the 8th over - 3 runs, 3 hits, 0 errors, 0 left on base; Akron 1 - Midland 7 |
| TOP OF THE 9TH |
|
Akron RubberDucks batting - Pitching for Midland RockHounds : LHP Adam Wood
|
|
Batting: LHB Stu Sornson
|
0-0: Ball 1-0: Ball 2-0: Called Strike 2-1: Swinging Strike 2-2: Fly out, F8 (Flyball, 8RM, EV 97.5 MPH)
|
|
Batting: RHB Tristan Wright
|
0-0: Called Strike 0-1: Ground out 1-3 (Groundball, 34S, EV 70.6 MPH)
|
|
Batting: LHB Costodio Varino
|
0-0: Ball 1-0: Ball 2-0: SINGLE (Groundball, 56D, EV 94.4 MPH)
|
|
Batting: RHB Adam McMillen
|
0-0: Fly out, F8 (Flyball, 8LD, EV 98.8 MPH)
|
| Top of the 9th over - 0 runs, 1 hit, 0 errors, 1 left on base; Akron 1 - Midland 7 |
|